 Dungeon Crawl Stone Soup version 0.31-a0-232-gb1c03b2570 (webtiles) character file.

Game seed: 15370016232279725875

137 qw the Shooter (level 5, 0/30 HPs)
             Began as a Gargoyle Hexslinger on July 7, 2023.
             Slain by an orc wizard
             ... wielding a +0 dagger
              (3 damage)
             ... on level 3 of the Dungeon.
             The game lasted 00:00:53 (2155 turns).

qw the Shooter (Gargoyle Hexslinger)                Turns: 2155, Time: 00:00:53

Health: 0/30       AC:  9    Str: 12    XL:     5   Next: 20%
Magic:  6/6        EV: 15    Int: 13    God:
Gold:   152        SH:  0    Dex: 14    Spells: 5/6 levels left

rFire   . . .        Y - +1 sling (chaos)
rCold   . . .        (no shield)
rNeg    + . .        j - +0 ring mail
rPois   inf          (no helmet)
rElec   +            (no cloak)
rCorr   .            (no gloves)
SInv    .            (no boots)
Will    .....        (no amulet)
Stlth   +            k - +5 ring of evasion
HPRegen 0.25/turn    (no ring)
MPRegen 0.10/turn

%: no passive effects
@: no status effects
A: sickness immunity, AC +4, negative energy resistance 1, electricity
resistance, torment resistance 1, petrification resistance
a: no special abilities


You were on level 3 of the Dungeon.
You visited 1 branch of the dungeon, and saw 3 of its levels.

You collected 152 gold pieces.


Innate Abilities, Weirdness & Mutations

You are immune to sickness and miasma.
Your stone body is resilient. (AC +4)
You are immune to poison.
You resist negative energy. (rN+)
You are resistant to electric shocks. (rElec)
You are resistant to unholy torment.
You are immune to petrification.


   Skills:
 - Level 2.0 Fighting
 + Level 4.7 Ranged Weapons
 - Level 1.1 Armour
 - Level 1.5 Dodging
 - Level 1.0 Spellcasting
 - Level 2.6 Hexes


You had 5 spell levels left.
You knew the following spells:

 Your Spells              Type           Power      Damage    Failure   Level
a - Slow                  Hex            28%        N/A       22%         1

Your spell library contained the following spells:

 Spells                   Type           Power      Damage    Failure   Level
 Inner Flame              Hex/Fire       4%         N/A       73%         3
 Portal Projectile        Hex/Tloc       8%         N/A       73%         3
 Cause Fear               Hex            3%         N/A       91%         4

Inventory:

Hand Weapons
 Y - a +1 sling of chaos (weapon)
Armour
 h - a +0 pair of gloves
 j - a +0 ring mail (worn)
Jewellery
 k - a +5 ring of evasion (left hand)
Scrolls
 b - a scroll of fear {unknown}
 e - a scroll of identify
Potions
 a - a potion of brilliance {unknown}
 c - a potion of heal wounds {unknown}
 d - a potion of curing
 f - a potion of degeneration {unknown}
 g - a potion of might {unknown}

Dungeon Overview and Level Annotations

Branches:
Dungeon (3/15)

Altars:


Message History

You shoot a sling bullet.
You hear some strange, mumbled words.
Something tries to affect you, but you resist.
Something completely misses you.
You shoot a sling bullet.
You feel less confused. Something hits you but does no damage.
You shoot a sling bullet. Something hits you but does no damage.
You shoot a sling bullet.
You hear some strange, mumbled words.
A magic dart appears from out of thin air!
The magic dart hits you. Something hits you.
You shoot a sling bullet. Something hits you but does no damage.
You shoot a sling bullet.
You hear some strange, mumbled words.
A magic dart appears from out of thin air!
The magic dart hits you.
You shoot a sling bullet. Something hits you but does no damage.
Something hits you.
You shoot a sling bullet. Something barely misses you.
You shoot a sling bullet. Something hits you but does no damage.
You shoot a sling bullet.
You hear some strange, mumbled words.
A magic dart appears from out of thin air!
The magic dart hits you but does no damage.
You shoot a sling bullet.
Something hits you but does no damage. x2
You shoot a sling bullet.
You hear some strange, mumbled words.
A magic dart appears from out of thin air!
The magic dart hits you.
You shoot a sling bullet. Something hits you but does no damage.
You shoot a sling bullet. Something hits you. x2
You die...

.#.###### #.. .
#.....# #..
.##. #.....#
#.. ...#
#.....# #.. #..
#.....# ###
#..) #.....# #
..#...##.....#
#
......){.....#
#
......)@.....#
#
.#.#.###.#.####
# #.#..).#
#.####.# #.#
#.# #.# #.# #.#
#.##########
...
#...........
#.#
############


There were no monsters in sight!

Vanquished Creatures
  A gnoll (D:1)
  6 adders
  A worm (D:2)
  4 dart slugs
  4 orcs (D:3)
  5 ball pythons
  2 bats
  2 endoplasms (D:1)
  3 giant cockroaches
  10 goblins
  3 hobgoblins (D:1)
  4 jackals (D:1)
  5 frilled lizards
  6 kobolds
  4 rats
60 creatures vanquished.

Notes
Turn   | Place    | Note
-------+----------+-------------------------------------------
     0 | D:1      | qw the Gargoyle Hexslinger began the quest for the Orb.
     0 | D:1      | Reached XP level 1. HP: 12/12 MP: 2/2
     0 | D:1      | 0 ||| qw: Version: 0.3-a-46-gb1f654a
     0 | D:1      | 0 ||| qw: Game counter: 2828
     0 | D:1      | 0 ||| qw: Melee chars always use a shield: true
     0 | D:1      | 0 ||| qw: God list: Okawaru
     0 | D:1      | 0 ||| qw: Allow faded altars: false
     0 | D:1      | 0 ||| qw: Do Orc after clearing Dungeon:15 true
     0 | D:1      | 0 ||| qw: Do second Lair branch before Depths: true
     0 | D:1      | 0 ||| qw: Lair rune preference: random
     0 | D:1      | 0 ||| qw: Goals: Normal
     0 | D:1      | 0 ||| PLANNING D:1-11
   169 | D:1      | Reached XP level 2. HP: 16/16 MP: 3/3
   214 | D:1      | Reached skill level 3 in Ranged Weapons
   329 | D:1      | Reached XP level 3. HP: 21/21 MP: 4/4
   952 | D:1      | 952 ||| UPGRADING to +0 leather armour.
   962 | D:1      | 962 ||| DROPPING +0 robe.
   963 | D:1      | 963 ||| UPGRADING to +0 ring mail.
   973 | D:1      | 973 ||| DROPPING +0 leather armour.
   974 | D:1      | 974 ||| UPGRADING to +5 ring of evasion.
   975 | D:1      | 975 ||| READING 2 scrolls labelled HIS QUBRU.
   976 | D:1      | 976 ||| READING scroll labelled YDGHIG FOKINE.
   979 | D:1      | 979 ||| READING scroll labelled XOVAGE VICU.
   980 | D:1      | 980 ||| READING scroll labelled JEQOAC GIKEEL.
   981 | D:1      | 981 ||| DROPPING scroll of noise.
   982 | D:1      | 982 ||| DROPPING scroll of poison.
  1300 | D:2      | Reached XP level 4. HP: 24/26 MP: 5/5
  1308 | D:2      | Reached skill level 4 in Ranged Weapons
  1682 | D:2      | 1682 ||| DROPPING +6 ring of intelligence.
  1683 | D:2      | 1683 ||| READING scroll labelled WELUS BUVIWNEA.
  1684 | D:2      | 1684 ||| DRINKING 2 fuming puce potions.
  1738 | D:3      | Reached skill level 1 in Armour
  1933 | D:3      | Reached XP level 5. HP: 30/30 MP: 6/6
  2153 | D:3      | HP: 4/30 [something/magic dart (5)]
  2155 | D:3      | Slain by an orc wizard

Levels and vault maps discovered:
D:1:      elethiomel_arrival_infinity_welcomes_careful_drivers, layout_basic,
          serial_aquarium, aquarium_bridge_square [aquarium_subvault_window,
          aquarium_subvault_wall, aquarium_subvault_bridge,
          aquarium_subvault_window], aquarium_window_corner,
          aquarium_window_fake, aquarium_window_2, aquarium_window_fake,
          aquarium_view_2e, aquarium_view_2g, skrybe_limestone_x
D:2:      layout_loops_ring, nicolae_concentric_dashed_squares_mild,
          serial_bayou_pond_a, minivault_11
D:3:      kennysheep_goblin_castle, layout_basic

Skill      XL: |  1  2  3  4 |
---------------+-------------+-----
Ranged Weapons | 3 4 |  4.7
Fighting       | 2 |  2.0
Armour         | 1 |  1.1
Dodging        | |  1.5
Spellcasting   | |  1.0
Hexes          | |  2.6

Action                     |  1- 3 |  4- 6 || total
---------------------------+-------+-------++-------
   Fire: Sling             |   115 |   112 ||   227
    Use: Scroll            |     4 |     1 ||     5
         Potion            |       |     1 ||     1
 Armour: Robe              |    36 |       ||    36
         Ring mail         |     5 |    35 ||    40
  Dodge: Dodged            |    53 |    50 ||   103

Table legend:
 A = Non-vault XP
 B = Vault XP
 C = Vault XP percentage of total XP
 D = Non-vault monster count
 E = Vault monster count
 F = Vault count percentage of total count
                 A         B        C        D         E       F
            +---------+---------+-------+---------+---------+-------
      Total |     196 |       0 |   0.0 |      60 |       0 |   0.0
            +---------+---------+-------+---------+---------+-------
        D:1 |      63 |       0 |   0.0 |      26 |       0 |   0.0
        D:2 |      40 |       0 |   0.0 |      15 |       0 |   0.0
        D:3 |      93 |       0 |   0.0 |      19 |       0 |   0.0
            +---------+---------+-------+---------+---------+-------
